[ AOE2 MATCH · #505949284 ]
UnrankedJapanese vs Koreans
Player's team · WIN
Rival team · LOSS
[ REPLAY ANALYSIS · EXTRACTED FROM THE RECORDED GAME ]
Feudal
9:15
Castle
21:25
Imperial
36:16
| APM avg | 58.1 |
| APM peak | 92 |
| eAPM avg | 25.4 |
| Villagers / military | 127 / 53 |
Focus
⚔️ 39.6% · 🌾 60.4%
Archer ×25 · Knight ×10 · Scout Cavalry ×5 · Militia ×4 · Monk ×3 · Samurai ×3
Feudal
11:48
Castle
23:36
Imperial
—
| APM avg | 65.5 |
| APM peak | 100 |
| eAPM avg | 31.2 |
| Villagers / military | 101 / 46 |
Focus
⚔️ 38.5% · 🌾 61.5%
Skirmisher ×17 · War Wagon ×13 · Iron Pagoda ×6 · Spearman ×5 · Militia ×4 · Cavalry Archer ×1
Match map
Initial resources + every placement click. Lines = walls · curves = elevation contours. ◆ gold · ⬟ stone · ● berries · ✦ relic · ◌ wall gap
Your base· ✓ Closed at 21:25 · 44t walls · 1 gate(s)
The_Fury's base· ✓ Closed at 23:36 · 72t walls · no gate
Smoothed initial terrain · ◌ = detected wall gap · hover for details
Inputs per minute
— zankoku sekai no akuma - - The_Fury
Build order — zankoku sekai no akuma
First 150 of 328 actions detected
| 0:00 | Create | Villager (Male) |
| 0:01 | Build | House |
| 0:02 | Build | House |
| 0:10 | Create | Villager (Male) |
| 0:10 | Create | Villager (Male) |
| 0:10 | Create | Villager (Male) |
| 0:11 | Create | Villager (Male) |
| 1:27 | Create | Villager (Male) |
| 1:43 | Build | Mill |
| 1:59 | Create | Villager (Male) |
| 1:59 | Create | Villager (Male) |
| 2:15 | Create | Villager (Male) |
| 2:46 | Create | Villager (Male) |
| 3:09 | Create | Villager (Male) |
| 3:25 | Build | Lumber Camp |
| 3:38 | Create | Villager (Male) |
| 3:42 | Create | Villager (Male) |
| 3:51 | Create | Villager (Male) |
| 3:51 | Create | Villager (Male) |
| 4:10 | Build | House |
| 4:20 | Build | House |
| 4:45 | Create | Villager (Male) |
| 5:07 | Create | Villager (Male) |
| 5:47 | Create | Villager (Male) |
| 6:12 | Create | Villager (Male) |
| 6:14 | Research | Loom |
| 6:34 | Build | Barracks |
| 7:05 | Research | Feudal Age |
| 7:07 | Build | Mining Camp |
| 7:38 | Build | House |
| 7:38 | Create | Militia |
| 7:59 | Create | Militia |
| 7:59 | Create | Militia |
| 8:01 | Build | House |
| 8:42 | Create | Villager (Male) |
| 8:58 | Create | Villager (Male) |
| 9:15 | Age | Feudal Age |
| 9:16 | Research | Man-at-Arms (upgrade) |
| 9:19 | Build | Archery Range |
| 9:34 | Research | Double-Bit Axe |
| 9:55 | Create | Villager (Male) |
| 10:20 | Create | Archer |
| 10:26 | Create | Villager (Male) |
| 10:26 | Create | Villager (Male) |
| 10:29 | Build | Mill |
| 10:35 | Create | Villager (Male) |
| 10:40 | Build | Watch Tower |
| 10:41 | Create | Archer |
| 11:00 | Build | Farm |
| 11:02 | Build | Farm |
| 11:07 | Create | Villager (Male) |
| 11:08 | Create | Archer |
| 11:13 | Build | Farm |
| 11:17 | Build | Farm |
| 11:18 | Build | Farm |
| 11:37 | Create | Archer |
| 11:41 | Create | Villager (Male) |
| 11:42 | Build | Farm |
| 12:14 | Create | Villager (Male) |
| 12:29 | Build | Palisade Wall |
| 12:30 | Create | Villager (Male) |
| 12:31 | Build | Farm |
| 12:34 | Build | Palisade Wall |
| 12:35 | Build | Palisade Wall |
| 12:36 | Build | Palisade Wall |
| 12:41 | Create | Villager (Male) |
| 12:43 | Build | Farm |
| 12:53 | Build | Blacksmith |
| 13:13 | Build | House |
| 13:20 | Create | Archer |
| 13:21 | Create | Villager (Male) |
| 13:35 | Research | Fletching |
| 13:35 | Research | Fletching |
| 13:45 | Create | Villager (Male) |
| 13:48 | Create | Archer |
| 13:57 | Build | Farm |
| 14:00 | Create | Archer |
| 14:04 | Create | Villager (Male) |
| 14:09 | Create | Archer |
| 14:17 | Build | House |
| 14:20 | Create | Villager (Male) |
| 14:27 | Create | Archer |
| 14:46 | Create | Villager (Male) |
| 14:49 | Build | Farm |
| 14:59 | Build | Farm |
| 15:01 | Build | Farm |
| 15:02 | Create | Villager (Male) |
| 15:08 | Create | Militia |
| 15:20 | Create | Villager (Male) |
| 15:36 | Create | Villager (Male) |
| 15:42 | Create | Villager (Male) |
| 15:45 | Build | Stable |
| 15:51 | Create | Villager (Male) |
| 16:05 | Create | Villager (Male) |
| 16:08 | Build | Farm |
| 16:11 | Build | Farm |
| 16:20 | Create | Archer |
| 16:25 | Create | Villager (Male) |
| 16:28 | Build | House |
| 16:29 | Build | Palisade Wall |
| 16:36 | Create | Archer |
| 16:38 | Create | Scout Cavalry |
| 16:44 | Build | Palisade Wall |
| 16:47 | Create | Villager (Male) |
| 17:02 | Build | Palisade Wall |
| 17:04 | Create | Archer |
| 17:07 | Create | Scout Cavalry |
| 17:09 | Create | Villager (Male) |
| 17:18 | Create | Archer |
| 17:34 | Build | Farm |
| 17:41 | Build | Palisade Wall |
| 17:46 | Build | Palisade Wall |
| 17:59 | Create | Villager (Male) |
| 18:01 | Build | Farm |
| 18:13 | Build | House |
| 18:17 | Build | House |
| 18:23 | Build | Lumber Camp |
| 18:39 | Create | Archer |
| 18:45 | Research | Castle Age |
| 18:45 | Research | Castle Age |
| 18:46 | Create | Archer |
| 19:09 | Build | Palisade Wall |
| 19:16 | Create | Scout Cavalry |
| 19:21 | Create | Archer |
| 19:22 | Create | Villager (Male) |
| 19:25 | Build | Palisade Gate |
| 19:26 | Build | Palisade Wall |
| 19:34 | Research | Horse Collar |
| 19:34 | Research | Horse Collar |
| 19:35 | Create | Archer |
| 19:54 | Create | Scout Cavalry |
| 20:03 | Build | House |
| 20:10 | Build | Farm |
| 20:18 | Create | Scout Cavalry |
| 20:27 | Research | Gold Mining |
| 20:28 | Create | Villager (Male) |
| 20:38 | Build | Farm |
| 20:52 | Build | House |
| 20:55 | Build | House |
| 21:03 | Create | Villager (Male) |
| 21:14 | Research | Bloodlines |
| 21:25 | Age | Castle Age |
| 21:35 | Research | Bodkin Arrow |
| 21:38 | Build | House |
| 21:47 | Create | Villager (Male) |
| 21:53 | Build | House |
| 21:55 | Build | Siege Workshop |
| 21:59 | Create | Villager (Male) |
| 22:33 | Research | Crossbowman (upgrade) |
| 22:46 | Create | Mangonel |
Build order — The_Fury
First 150 of 250 actions detected
| 0:00 | Create | Villager (Male) |
| 0:01 | Create | Villager (Male) |
| 0:02 | Build | House |
| 0:03 | Build | House |
| 0:06 | Create | Villager (Male) |
| 0:06 | Create | Villager (Male) |
| 1:23 | Create | Villager (Male) |
| 1:54 | Build | Lumber Camp |
| 2:06 | Create | Villager (Male) |
| 2:06 | Create | Villager (Male) |
| 2:20 | Create | Villager (Male) |
| 2:54 | Create | Villager (Male) |
| 3:17 | Create | Villager (Male) |
| 3:36 | Build | House |
| 3:36 | Create | Villager (Male) |
| 4:04 | Create | Villager (Male) |
| 4:05 | Create | Villager (Male) |
| 4:05 | Create | Villager (Male) |
| 4:05 | Create | Villager (Male) |
| 4:38 | Build | House |
| 4:42 | Create | Villager (Male) |
| 4:54 | Build | Barracks |
| 5:25 | Create | Villager (Male) |
| 5:29 | Create | Villager (Male) |
| 5:57 | Create | Militia |
| 5:58 | Create | Militia |
| 5:58 | Create | Militia |
| 6:02 | Build | Mill |
| 6:05 | Research | Loom |
| 6:15 | Build | Palisade Wall |
| 6:19 | Build | Palisade Wall |
| 6:31 | Create | Villager (Male) |
| 6:49 | Create | Villager (Male) |
| 6:51 | Create | Militia |
| 6:59 | Create | Villager (Male) |
| 7:06 | Create | Villager (Male) |
| 7:14 | Create | Villager (Male) |
| 7:30 | Create | Villager (Male) |
| 7:58 | Build | Palisade Wall |
| 8:07 | Build | House |
| 8:17 | Create | Villager (Male) |
| 8:20 | Create | Villager (Male) |
| 8:34 | Build | Palisade Wall |
| 8:38 | Create | Villager (Male) |
| 8:59 | Create | Villager (Male) |
| 9:04 | Build | Palisade Wall |
| 9:05 | Build | Palisade Wall |
| 9:07 | Build | Palisade Wall |
| 9:10 | Create | Villager (Male) |
| 9:38 | Research | Feudal Age |
| 9:38 | Research | Feudal Age |
| 9:40 | Build | Mill |
| 10:15 | Build | Lumber Camp |
| 10:20 | Build | Palisade Wall |
| 10:23 | Build | Palisade Wall |
| 11:32 | Build | Mining Camp |
| 11:48 | Age | Feudal Age |
| 11:50 | Build | Archery Range |
| 11:50 | Create | Villager (Male) |
| 11:53 | Create | Villager (Male) |
| 11:58 | Build | House |
| 12:02 | Build | House |
| 12:04 | Build | Palisade Wall |
| 12:04 | Create | Villager (Male) |
| 12:08 | Build | Palisade Wall |
| 12:11 | Research | Double-Bit Axe |
| 12:16 | Build | Farm |
| 12:25 | Create | Skirmisher |
| 12:25 | Create | Skirmisher |
| 12:30 | Create | Skirmisher |
| 12:48 | Build | Farm |
| 12:57 | Build | Palisade Wall |
| 13:03 | Create | Skirmisher |
| 13:24 | Build | Farm |
| 13:26 | Build | Farm |
| 13:27 | Build | Farm |
| 13:30 | Build | Farm |
| 13:44 | Build | Farm |
| 14:03 | Build | Farm |
| 14:07 | Build | Farm |
| 14:08 | Create | Skirmisher |
| 14:18 | Build | House |
| 14:25 | Create | Skirmisher |
| 14:32 | Create | Villager (Male) |
| 14:33 | Build | Palisade Wall |
| 14:35 | Build | Palisade Wall |
| 14:59 | Build | Farm |
| 15:00 | Create | Skirmisher |
| 15:08 | Create | Skirmisher |
| 15:15 | Build | Farm |
| 15:15 | Build | Farm |
| 15:30 | Create | Villager (Male) |
| 15:35 | Create | Skirmisher |
| 15:41 | Create | Skirmisher |
| 16:02 | Create | Villager (Male) |
| 16:18 | Create | Villager (Male) |
| 16:21 | Build | Mining Camp |
| 16:28 | Create | Villager (Male) |
| 16:32 | Build | Blacksmith |
| 16:45 | Create | Spearman |
| 16:54 | Build | Farm |
| 16:54 | Create | Villager (Male) |
| 16:54 | Create | Villager (Male) |
| 17:00 | Create | Spearman |
| 17:08 | Build | House |
| 17:15 | Build | House |
| 17:15 | Build | House |
| 17:21 | Create | Villager (Male) |
| 17:26 | Build | Watch Tower |
| 17:30 | Build | House |
| 17:37 | Create | Spearman |
| 17:45 | Build | Market |
| 17:47 | Build | House |
| 17:48 | Build | House |
| 18:01 | Research | Fletching |
| 18:02 | Create | Villager (Male) |
| 18:10 | Build | Farm |
| 18:14 | Build | Farm |
| 18:17 | Create | Villager (Male) |
| 18:45 | Create | Villager (Male) |
| 18:49 | Build | Palisade Wall |
| 19:16 | Create | Villager (Male) |
| 19:23 | Build | Farm |
| 19:41 | Create | Villager (Male) |
| 19:47 | Build | Palisade Wall |
| 20:20 | Build | House |
| 20:21 | Build | Palisade Wall |
| 20:38 | Build | Farm |
| 20:56 | Research | Castle Age |
| 20:56 | Research | Castle Age |
| 22:17 | Build | Watch Tower |
| 22:23 | Build | House |
| 22:25 | Build | House |
| 22:28 | Create | Skirmisher |
| 22:32 | Build | House |
| 22:52 | Create | Villager (Male) |
| 23:00 | Create | Skirmisher |
| 23:11 | Build | Market |
| 23:21 | Create | Skirmisher |
| 23:36 | Age | Castle Age |
| 23:46 | Research | Elite Skirmisher (upgrade) |
| 23:48 | Research | Bodkin Arrow |
| 23:49 | Create | Villager (Male) |
| 24:06 | Create | Villager (Male) |
| 24:07 | Create | Villager (Male) |
| 24:12 | Research | Bow Saw |
| 24:23 | Create | Villager (Male) |
| 24:27 | Build | Palisade Gate |
| 24:33 | Create | Villager (Male) |
| 24:38 | Build | Gate |
Match timeline
| 4:54 | The_Fury · first_building Barracks |
| 6:15 | The_Fury · wall_segment Palisade Wall x4 |
| 6:19 | The_Fury · wall_segment Palisade Wall x6 |
| 6:34 | zankoku sekai no akuma · first_building Barracks |
| 7:58 | The_Fury · wall_segment Palisade Wall x8 |
| 8:34 | The_Fury · wall_segment Palisade Wall x11 |
| 9:04 | The_Fury · wall_segment Palisade Wall x2 |
| 9:05 | The_Fury · wall_segment Palisade Wall x1 |
| 9:07 | The_Fury · wall_segment Palisade Wall x12 |
| 9:15 | zankoku sekai no akuma · age_up feudal |
| 9:19 | zankoku sekai no akuma · first_building Archery Range |
| 10:20 | The_Fury · wall_segment Palisade Wall x4 |
| 10:23 | The_Fury · wall_segment Palisade Wall x10 |
| 11:48 | The_Fury · age_up feudal |
| 11:50 | The_Fury · first_building Archery Range |
| 12:04 | The_Fury · wall_segment Palisade Wall x1 |
| 12:08 | The_Fury · wall_segment Palisade Wall x2 |
| 12:29 | zankoku sekai no akuma · wall_segment Palisade Wall x2 |
| 12:34 | zankoku sekai no akuma · wall_segment Palisade Wall x2 |
| 12:35 | zankoku sekai no akuma · wall_segment Palisade Wall x2 |
| 12:36 | zankoku sekai no akuma · wall_segment Palisade Wall x1 |
| 12:57 | The_Fury · wall_segment Palisade Wall x6 |
| 14:33 | The_Fury · wall_segment Palisade Wall x1 |
| 14:35 | The_Fury · wall_segment Palisade Wall x1 |
| 15:45 | zankoku sekai no akuma · first_building Stable |
| 16:29 | zankoku sekai no akuma · wall_segment Palisade Wall x8 |
| 16:44 | zankoku sekai no akuma · wall_segment Palisade Wall x1 |
| 17:02 | zankoku sekai no akuma · wall_segment Palisade Wall x8 |
| 17:41 | zankoku sekai no akuma · wall_segment Palisade Wall x5 |
| 17:46 | zankoku sekai no akuma · wall_segment Palisade Wall x1 |
| 18:49 | The_Fury · wall_segment Palisade Wall x1 |
| 19:09 | zankoku sekai no akuma · wall_segment Palisade Wall x12 |
| 19:26 | zankoku sekai no akuma · wall_segment Palisade Wall x3 |
| 19:47 | The_Fury · wall_segment Palisade Wall x1 |
| 20:21 | The_Fury · wall_segment Palisade Wall x1 |
| 20:24 | The_Fury · first_market_sell 100 stone |
| 20:25 | The_Fury · first_market_buy 100 food |
| 21:25 | zankoku sekai no akuma · age_up castle |
| 21:55 | zankoku sekai no akuma · first_building Siege Workshop |
| 23:36 | The_Fury · age_up castle |
| 25:40 | The_Fury · first_building Siege Workshop |
| 26:32 | The_Fury · wall_segment Stone Wall x6 |
| 27:34 | zankoku sekai no akuma · first_building Monastery |
| 30:33 | The_Fury · wall_segment Palisade Wall x1 |
| 30:40 | The_Fury · wall_segment Palisade Wall x1 |
| 31:21 | The_Fury · first_building Castle |
| 31:32 | The_Fury · wall_segment Palisade Wall x1 |
| 32:11 | zankoku sekai no akuma · first_building Castle |
| 33:00 | zankoku sekai no akuma · first_market_sell 500 wood |
| 33:00 | zankoku sekai no akuma · first_market_buy 100 food |
| 36:16 | zankoku sekai no akuma · age_up imperial |
| 36:34 | The_Fury · resign |
[ AI ANALYSIS · 1 CREDIT ]
What really happened in this match?
Wolo.gg analyzes every decision: build order, eco, micro, common mistakes by bracket. Personalized analysis on WhatsApp or Discord in 30 seconds.
Civ guide
Japanese
Perfil
Jugador #4625368